[Event "Late-Titled-Tuesday-Blitz-February-06-2024"]
[Site "Chess.com"]
[Date "2024.02.06"]
[Round "6"]
[White "GMG"]
[Black "Escanor89"]
[Result "1-0"]
[WhiteElo "2682"]
[BlackElo "2518"]
[TimeControl "180+1"]
[EndTime "15:06:52 PST"]
[Termination "GMG won on time"]

1. d4 Nf6 2. c4 e6 3. Nf3 Bb4+ 4. Bd2 a5 5. g3 b6 6. Bg2 Bb7 7. O-O O-O 8. Bg5 Be7 9. Bxf6 Bxf6 10. Nc3 d6 11. h4 Nd7 12. Qc2 g6 13. e4 Bg7 14.
Rad1 Qe7 15. Rfe1 Rfe8 16. b3 Rac8 17. a3 h6 18. h5 g5 19. d5 Ne5 20. Nd4 g4 21.
Qd2 Qg5 22. Qxg5 hxg5 23. Bf1 Kf8 24. Kg2 Ke7 25. Be2 Rh8 26. Rh1 Rh6 27. Ncb5 Kd7 28.
b4 axb4 29. axb4 Rch8 30. Ra1 Rxh5 31. Rxh5 Rxh5 32. Ra7 Kc8 33. Nc6 Bf8 34. Nxe5 dxe5 35. Bxg4 Rh6 36. dxe6 fxe6 37. Ra4 Bxe4+ 38. Bf3 Bxf3+ 39.
Kxf3 Kb8 40. Na7 Rf6+ 41. Ke2 Bd6 42. Nc6+ Kc8 43. b5 Kd7 44. Ra8 Be7 45. Rg8 Rf7 46. Nxe5+ 1-0

[Event "Late-Titled-Tuesday-Blitz-February-06-2024"]
[Site "Chess.com"]
[Date "2024.02.06"]
[Round "6"]
[White "ahkashefi2800"]
[Black "ameetghasi100"]
[Result "1-0"]
[WhiteElo "2547"]
[BlackElo "2724"]
[TimeControl "180+1"]
[EndTime "15:06:54 PST"]
[Termination "ahkashefi2800 won on time"]

1. Nf3 Nf6 2. g3 g6 3. Bg2 Bg7 4. c4 O-O 5. O-O d6 6. Nc3 c6 7. d3 d5 8. cxd5 cxd5 9. Rb1 Nc6 10. b4 d4 11. Ne4 Nxe4 12. dxe4 Be6 13. a4 Rc8 14. b5 Na5 15. Bb2 Nb3 16. e5 Qb6 17. Nxd4 Rfd8 18. e3 Bxe5 19. Ba3 Nxd4 20. exd4 Rxd4 21.
Qe1 Rxa4 22. Bxe7 Bg7 23. Qd1 Ra2 24. Bd5 Rac2 25. Bxe6 Qxe6 26. Bg5 h5 27. Be3 b6 28.
Qf3 R2c3 29. Qf4 Be5 30. Qe4 R3c4 31. Qf3 Qg4 32. Qxg4 hxg4 33. Rfd1 Kf8 34. Rd5 Bf6 35. Kg2 Kg7 36. Rd7 R8c7 37. Rxc7 Rxc7 38. Rb4 Rc2 39.
Rxg4 Rb2 40. Ra4 Rxb5 41. Rxa7 Rb3 42. Ra6 b5 43. Rb6 Rb1 44. h4 b4 45. g4 b3 46. g5 Be5 47. f4 Bc3 48. Rc6 b2 49.
Rxc3 Rg1+ 50. Bxg1 b1=Q 51. Bd4+ Kh7 52. Be5 Qe4+ 53.
Kg3 Qe1+ 54. Kf3 1-0

[Event "Late-Titled-Tuesday-Blitz-February-06-2024"]
[Site "Chess.com"]
[Date "2024.02.06"]
[Round "6"]
[White "VitaliyChayka"]
[Black "bazar-wokzal"]
[Result "0-1"]
[WhiteElo "2438"]
[BlackElo "2635"]
[TimeControl "180+1"]
[EndTime "15:06:54 PST"]
[Termination "bazar-wokzal won by resignation"]

1. d4 Nf6 2. Bf4 e6 3. e3 c5 4.
c3 b6 5. Nd2 Bb7 6. Ngf3 Be7 7. Bd3 d6 8. h3 Nbd7 9. Bh2 h6 10. Qe2 Qc7 11. e4 Rc8 12. O-O g5 13. e5 g4 14. hxg4 Nxg4 15. exd6 Bxd6 16. Bxd6 Qxd6 17.
Ne4 Bxe4 18. Qxe4 Ndf6 19. dxc5 bxc5 20. Qa4+ Ke7 21. Rad1 Qc7 22. Rfe1 h5 23. Bf1 h4 24. b4 Rcg8 25. Qa5 Qxa5 26. bxa5 h3 27. Rb1 h2+ 28.
Nxh2 Nxh2 29. Rb7+ Kf8 30. Be2 Nhg4 31. Rxa7 Kg7 32.
Bxg4 Nxg4 33. Rxe6 Rd8 34. g3 Rd1+ 35. Kg2 Rd2 36.
Kf3 Nxf2 37. Ree7 Rf8 38. Rac7 Nd3 39. a6 Rxa2 40. a7 Ra3 41. Ke4 Nf2+ 42. Kf3 Nh3 43.
Kg4 Nf2+ 44. Kf3 Nd1 45. Rxc5 Ra8 46. Rcc7 Rxc3+ 47. Rxc3 Nxc3 48. Kg4 Nb5 49. Rb7 Nxa7 50. Kf4 Nc6 51. Rb6 Ra4+ 52. Kf3 Ne5+ 53. Kf2 Ra2+ 54.
Ke3 Nc4+ 0-1

[Event "Late-Titled-Tuesday-Blitz-February-06-2024"]
[Site "Chess.com"]
[Date "2024.02.06"]
[Round "6"]
[White "sari07"]
[Black "Vicmary2005"]
[Result "1-0"]
[WhiteElo "2429"]
[BlackElo "2034"]
[TimeControl "180+1"]
[EndTime "15:06:55 PST"]
[Termination "sari07 won on time"]

1. d4 Nf6 2. Nc3 d5 3. Bf4 g6 4. e3 Bg7 5. Be2 O-O 6. h4 h5 7. Nf3 c6 8. Ne5 Nbd7 9. f3 a6 10. g4 c5 11. g5 Ne8 12. Nxd7 Qxd7 13. dxc5 e6 14. Qd2 Qc6 15. b4 e5 16. Nxd5 Kh8 17.
Bg3 Be6 18. e4 Rd8 19. c4 Nc7 20. O-O b6 21. cxb6 Qxb6+ 22. Bf2 Qc6 23. Qe3 Bh3 24. Rfd1 Ne6 25. Kh2 Nf4 26. Nxf4 exf4 27. Qxf4 Bxa1 28. Rxa1 Bc8 29. Be1 Qd6 30. Bc3+ Kg8 31. Qxd6 Rxd6 32.
c5 Re6 33. a4 Rd8 34. b5 axb5 35. axb5 Bb7 36. Ra7 Bxe4 37. fxe4 Rxe4 38. Ra2 Rde8 39. c6 Rxh4+ 40. Kg3 Rhe4 41. c7 Re3+ 42. Kf2 Rxc3 43. b6 Rb3 44. Rc2 Rxb6 45. c8=Q Rxc8 46. Rxc8+ Kg7 47. Rc5 Re6 48. Bc4 1-0

[Event "Late-Titled-Tuesday-Blitz-February-06-2024"]
[Site "Chess.com"]
[Date "2024.02.06"]
[Round "6"]
[White "grzechu96"]
[Black "VladimirKramnik"]
[Result "0-1"]
[WhiteElo "2744"]
[BlackElo "2922"]
[TimeControl "180+1"]
[EndTime "15:06:56 PST"]
[Termination "VladimirKramnik won by resignation"]

1. e4 c5 2. Nf3 d6 3. d4 cxd4 4. Nxd4 Nf6 5. Nc3 a6 6. Be2 e5 7.
Nb3 Be7 8. Be3 Be6 9. Nd5 Nxd5 10. exd5 Bf5 11. O-O Nd7 12. f4 exf4 13. Bxf4 O-O 14. Qd2 Re8 15. Kh1 Be4 16. Bf3 Bf6 17. c3 Bxf3 18.
Rxf3 Ne5 19. Rff1 Nc4 20. Qf2 Qb6 21. Qxb6 Nxb6 22. Bxd6 Nxd5 23. Rfe1 Ne3 24. Kg1 Nc4 25. Bg3 Nxb2 26. Rxe8+ Rxe8 27. Nc5 Bxc3 28. Nxb7 Nd3 29. Rd1 Nb4 30. a4 h5 31. Kf1 Nc2 32. Bf2 Ne3+ 33.
Bxe3 Rxe3 34. Rd6 Re1+ 35. Kf2 Rb1 36. Nc5 a5 37. Ne4 Bb4 38. Rd7 f6 39. Rd5 h4 40.
Kf3 Ra1 41. Kg4 Rxa4 42. Kf5 Kh7 43. Rd7 Kh6 44. Rd8 g6+ 45. Kxf6 Be7+ 46. Kxe7 Rxe4+ 47. Kf6 Rf4+ 48. Ke5 Kg5 49. Rf8 Rxf8 0-1

[Event "Late-Titled-Tuesday-Blitz-February-06-2024"]
[Site "Chess.com"]
[Date "2024.02.06"]
[Round "6"]
[White "Hrant_ChessMood"]
[Black "Orest_Vovk"]
[Result "1-0"]
[WhiteElo "2923"]
[BlackElo "2582"]
[TimeControl "180+1"]
[EndTime "15:06:56 PST"]
[Termination "Hrant_ChessMood won by resignation"]

1. e4 g5 2. d4 g4 3. Qxg4 d5 4. Qh4 dxe4 5. Nc3 Nf6 6. Bg5 Qxd4 7. Nge2 Qe5 8. O-O-O Bf5 9. Ng3 Nbd7 10. Bf4 Qa5 11. Nb5 Qxa2 12. Nxc7+ Kd8 13. Nxf5 Qa1+ 14. Kd2 Qa5+ 15.
Kc1 Qa1+ 16. Kd2 Qa5+ 17. c3 Qxf5 18. g3 Rc8 19. Bh3 Qa5 20. Kc1 Rxc7 21. Bxc7+ Kxc7 22. Bxd7 Nxd7 23. Qxe4 Qc5 24. Rd2 Bh6 25. f4 Rd8 26.
Qxh7 Bf8 27. Qxf7 e6 28. Rhd1 Qc6 29. Rxd7+ Rxd7 30. Rxd7+ Qxd7 31. Qxf8 Qd5 32. Qg7+ Kc6 33. Qg4 Qh1+ 34. Kc2 Qxh2+ 35. Kb3 Qh6 36. Qf3+ Kc7 37. Qe3 Qg6 38. Qc5+ Kd7 39. Qg5 Qf7 40. Qb5+ Kc7 41. Qc4+ Kd7 42. g4 Qe7 43. g5 Qd6 44. Qd4 Kc6 45.
Qxd6+ Kxd6 46. Kc4 e5 47. g6 exf4 48. g7 f3 49. g8=Q f2 50. Qg3+ 1-0

[Event "Late-Titled-Tuesday-Blitz-February-06-2024"]
[Site "Chess.com"]
[Date "2024.02.06"]
[Round "6"]
[White "Atousa"]
[Black "Mikhail_Golubev"]
[Result "1/2-1/2"]
[WhiteElo "2483"]
[BlackElo "2659"]
[TimeControl "180+1"]
[EndTime "15:06:56 PST"]
[Termination "Game drawn by repetition"]

1. e4 c5 2. Nf3 d6 3. d4 Nf6 4.
Nc3 cxd4 5. Nxd4 g6 6. Be2 Bg7 7. O-O O-O 8. Be3 Nc6 9. Qd2 Bd7 10. Rad1 Rc8 11. Nxc6 bxc6 12. f4 Ng4 13. Bxg4 Bxg4 14. Rde1 Bd7 15. Kh1 Rb8 16. b3 Qa5 17. Ne2 Qxd2 18.
Bxd2 f5 19. Nc3 e5 20. h3 Rbe8 21. Rf3 exf4 22. Rxf4 Bxc3 23. Bxc3 g5 24. Rff1 fxe4 25. Bf6 h6 26. b4 Re6 27. Bd4 Rxf1+ 28. Rxf1 a6 29. Kg1 Be8 30. Kf2 Bf7 31. Ke3 Re7 32.
Rf6 Re6 33. Rf1 Re8 34. a4 Bd5 35. c3 Bc4 36. Rf6 Re6 37. Rxe6 Bxe6 38. a5 Bd5 39. Bf6 Kf7 40. Bd8 Ke6 41. Bc7 Bc4 42. g3 d5 43.
h4 Bf1 44. hxg5 hxg5 45. Bd8 Kf5 46. Bc7 Kg4 47. Be5 Bb5 48. Bd6 Kf5 49. Bc7 Kg4 50. Bd6 Bc4 51. Bc7 Bb5 52. Bd6 1/2-1/2

[Event "Late-Titled-Tuesday-Blitz-February-06-2024"]
[Site "Chess.com"]
[Date "2024.02.06"]
[Round "6"]
[White "koncheto"]
[Black "carloseduar100"]
[Result "1-0"]
[WhiteElo "2507"]
[BlackElo "2336"]
[TimeControl "180+1"]
[EndTime "15:06:57 PST"]
[Termination "koncheto won on time"]

1. e4 e6 2. d4 d5 3. Nd2 c5 4. exd5 Qxd5 5. Ngf3 Nc6 6. Bc4 Qd7 7. O-O cxd4 8. Nb3 Nf6 9. Nbxd4 Nxd4 10. Nxd4 a6 11. c3 Bd6 12. Bd3 b5 13. Qf3 Bb7 14. Qh3 Qc7 15.
Bg5 h6 16. Rad1 O-O-O 17. Be3 Kb8 18. Rd2 g5 19. Rfd1 Bf4 20. Bxf4 Qxf4 21. Bf1 h5 22. Nc6+ Bxc6 23. Rxd8+ Rxd8 24. Rxd8+ Kc7 25. Rd4 Ne4 26. Qe3 Qxe3 27. fxe3 f5 28. a4 h4 29. axb5 axb5 30. Be2 g4 31. h3 gxh3 32. gxh3 e5 33. Rd1 Ng5 34. Kh2 f4 35. exf4 exf4 36. Bg4 f3 37. Kg1 Kb6 38. Kf2 Kc5 39. Rd4 Bd5 40. Bd7 Ne4+ 41.
Ke3 f2 42. Bxb5 Kxb5 43. Rxd5+ Kc4 44. Rf5 1-0

[Event "Late-Titled-Tuesday-Blitz-February-06-2024"]
[Site "Chess.com"]
[Date "2024.02.06"]
[Round "6"]
[White "Eloist"]
[Black "gurudub"]
[Result "1-0"]
[WhiteElo "2437"]
[BlackElo "2114"]
[TimeControl "180+1"]
[EndTime "15:06:57 PST"]
[Termination "Eloist won by resignation"]

1. e4 c5 2. Nf3 d6 3. Bb5+ Nd7 4. O-O Nf6 5. Re1 a6 6. Bf1 e6 7. d4 cxd4 8. Nxd4 Nc5 9. f3 Be7 10. c4 O-O 11. Nc3 Qc7 12. Be3 b6 13. Rc1 Bb7 14. b4 Ncd7 15. Nd5 exd5 16. cxd5 Qd8 17. Nc6 Qe8 18.
Nxe7+ Qxe7 19. Rc7 Rab8 20. Bxb6 Rfc8 21. Rxc8+ Rxc8 22. Bd4 Ne5 23. Qb3 Ng6 24. a4 Nxd5 25. Bc4 Ndf4 26.
g3 d5 27. Bf1 Ne6 28. exd5 Nxd4 29. Rxe7 Nxb3 30. Rxb7 Ne5 31. Bxa6 Nxf3+ 32. Kf2 Ne5 33. d6 Rd8 34. Bb5 g6 35. a5 Rxd6 36. a6 Rd2+ 37. Ke3 Ra2 38. a7 Kg7 39. Ke4 Ng4 40. Bc4 Nf6+ 41. Ke3 Ra3 42. Bxb3 Rxb3+ 43. Kd4 Ra3 44.
b5 Ne8 45. b6 Nd6 46. Rb8 Kf6 47. a8=Q Rxa8 48. Rxa8 Nf5+ 49. Kc5 1-0

[Event "Late-Titled-Tuesday-Blitz-February-06-2024"]
[Site "Chess.com"]
[Date "2024.02.06"]
[Round "6"]
[White "Schattman"]
[Black "Mariia89"]
[Result "1/2-1/2"]
[WhiteElo "2380"]
[BlackElo "2193"]
[TimeControl "180+1"]
[EndTime "15:06:57 PST"]
[Termination "Game drawn by repetition"]

1. f4 c5 2. Nf3 Nc6 3. g3 d5 4. Bg2 Nf6 5. O-O e6 6. d3 Bd6 7. c3 e5 8. fxe5 Nxe5 9. Nxe5 Bxe5 10. d4 Bd6 11. Bg5 Be7 12. Bxf6 Bxf6 13. dxc5 Be6 14. Qa4+ Kf8 15. Nd2 h6 16. Qc2 g6 17. Nf3 d4 18.
cxd4 Bxd4+ 19. Nxd4 Qxd4+ 20. Kh1 Kg7 21. Rad1 Qe5 22.
b3 Rac8 23. b4 b6 24. c6 h5 25. Rd3 Kh7 26. Qc3 Qxe2 27. a3 Rhd8 28. Re3 Qg4 29. h3 Qc4 30. Qxc4 Bxc4 31. Rc1 Bd5 32. Bxd5 Rxd5 33.
Re7 Kg7 34. Rc3 Kf6 35. Rxa7 Rd2 36. Rf3+ Kg5 37. b5 Re8 38. Raxf7 Re1+ 39. Rf1 Ree2 40.
h4+ Kh6 41. R1f4 Re1+ 42. Rf1 Ree2 43. R1f3 Re1+ 44. Rf1 Ree2 1/2-1/2

[Event "Late-Titled-Tuesday-Blitz-February-06-2024"]
[Site "Chess.com"]
[Date "2024.02.06"]
[Round "6"]
[White "Redzishchess"]
[Black "ansko1999"]
[Result "1-0"]
[WhiteElo "2539"]
[BlackElo "2681"]
[TimeControl "180+1"]
[EndTime "15:06:58 PST"]
[Termination "Redzishchess won by checkmate"]

1. d4 d5 2. c4 c6 3. Nf3 e6 4. cxd5 exd5 5. Qc2 Bd6 6. Bg5 Ne7 7. e3 Bf5 8. Bd3 Bxd3 9. Qxd3 Na6 10. O-O Nc7 11.
Nbd2 Ne6 12. Bh4 Qc7 13. Bg3 Bxg3 14. hxg3 O-O 15. Rfc1 a5 16. a4 Qb6 17. Ne5 Rad8 18. Nb3 f6 19. Nf3 Nc8 20. Qc3 Nd6 21. Nxa5 Ne4 22. Qe1 N6g5 23. b4 h5 24. Nb3 Nxf3+ 25. gxf3 Ng5 26. Kg2 Qc7 27. f4 Ne4 28. Nc5 f5 29.
Ne6 Qe7 30. Nxd8 Rxd8 31. Qe2 g6 32. b5 c5 33. dxc5 Nxc5 34. Qf3 Nb3 35. Rab1 Nd2 36. Qd1 Nxb1 37. Rxb1 Qe4+ 38. Kg1 d4 39. Rb4 h4 40. Rxd4 Rxd4 41. Qxd4 Qb1+ 42. Kh2 hxg3+ 43. fxg3 Qc2+ 44. Kh3 Kh7 45. Qd7+ Kh6 46. Qd4 Qe2 47. Qh8# 1-0

[Event "Late-Titled-Tuesday-Blitz-February-06-2024"]
[Site "Chess.com"]
[Date "2024.02.06"]
[Round "6"]
[White "PawnEatingZombie"]
[Black "UnTucopalaTimba"]
[Result "1-0"]
[WhiteElo "2211"]
[BlackElo "1968"]
[TimeControl "180+1"]
[EndTime "15:06:58 PST"]
[Termination "PawnEatingZombie won on time"]

1. e4 c6 2. Nf3 d5 3. d3 Bg4 4.
h3 Bxf3 5. Qxf3 dxe4 6. dxe4 e5 7. Bc4 Nf6 8. a4 Bc5 9. Qb3 Qe7 10. Nc3 Bb4 11. O-O O-O 12. Bg5 a5 13. f4 Bc5+ 14. Kh2 exf4 15. Bxf6 gxf6 16. Ne2 Bd6 17. Kh1 Na6 18.
Nxf4 Nc5 19. Qg3+ Kh8 20. Qh4 Nxe4 21. Bd3 Rg8 22. Nh5 f5 23. Qxe7 Bxe7 24. Rxf5 Ng3+ 25.
Nxg3 Rxg3 26. Rxf7 Bb4 27. Rxh7+ Kg8 28. Rxb7 Rf8 29.
Rf1 Rxf1+ 30. Bxf1 Re3 31. Bc4+ Kh8 32. Rf7 Bd6 33.
Bd3 Re1+ 34. Rf1 Re5 35. g3 Re3 36. Rg1 Bxg3 37. Kg2 Bd6 38. Rf1 Rg3+ 39. Kf2 Rxh3 40. Ke2 Rh2+ 41. Rf2 Rh4 42. Rf6 Bb4 43. Rxc6 Rh2+ 44. Kf3 1-0

[Event "Late-Titled-Tuesday-Blitz-February-06-2024"]
[Site "Chess.com"]
[Date "2024.02.06"]
[Round "6"]
[White "riconaipe"]
[Black "rasmussvane"]
[Result "0-1"]
[WhiteElo "2594"]
[BlackElo "2953"]
[TimeControl "180+1"]
[EndTime "15:07:00 PST"]
[Termination "rasmussvane won on time"]

1. d4 Nf6 2. c4 g6 3. Nc3 c5 4. d5 Bg7 5. e4 d6 6. f3 O-O 7.
Nge2 e6 8. Ng3 h5 9. Be2 h4 10. Nf1 exd5 11. cxd5 Nh7 12. Be3 Nd7 13. Nd2 f5 14.
Nc4 Ne5 15. Qd2 Nxc4 16. Bxc4 a6 17. a4 Bd7 18. O-O Qf6 19. g3 Rae8 20. Kg2 g5 21. exf5 Bxf5 22. Rae1 Qg6 23. g4 Bd7 24.
Bd3 Qh6 25. Bxh7+ Qxh7 26. Bxg5 Be5 27. h3 b5 28. axb5 Bxb5 29. Nxb5 axb5 30. f4 Bd4 31. f5 Qf7 32. Re6 Qb7 33. Rxd6 Re5 34. Bxh4 Rxd5 35. Rxd5 Qxd5+ 36. Rf3 Re8 37. Bf2 Qc4 38.
Qg5+ Kf8 39. f6 Kf7 40. Qh5+ Kf8 41. Qh6+ Kf7 42. Qh5+ Kf8 43. g5 Qd5 44. Qh8+ Kf7 45. Qg7+ Ke6 46. Qg6 Kd7 47. f7 Rf8 48. Qf6 Bxf6 0-1

[Event "Late-Titled-Tuesday-Blitz-February-06-2024"]
[Site "Chess.com"]
[Date "2024.02.06"]
[Round "6"]
[White "Karttunen"]
[Black "malakismayil"]
[Result "0-1"]
[WhiteElo "2637"]
[BlackElo "2487"]
[TimeControl "180+1"]
[EndTime "15:07:00 PST"]
[Termination "malakismayil won on time"]

1. e4 e5 2. Nf3 Nc6 3. Bb5 a6 4. Ba4 Nf6 5. O-O b5 6. Bb3 Be7 7. Re1 O-O 8. a4 b4 9. a5 d6 10. c3 Rb8 11. Bc4 h6 12. d3 Re8 13. Qa4 Bd7 14.
Qa2 Rf8 15. h3 Ra8 16. d4 bxc3 17. bxc3 Qc8 18. d5 Na7 19. Bf1 c6 20. c4 cxd5 21. exd5 Bf5 22. Nc3 Nd7 23. Na4 Bd8 24. Bd2 Re8 25.
Qa3 Bc7 26. Bb4 Qd8 27. Nc3 Nf6 28. Nd2 Rb8 29. Nde4 Nxe4 30. Nxe4 Bxe4 31. Rxe4 f5 32. Ree1 Nc8 33. Red1 Kh8 34. c5 Ra8 35. c6 Ne7 36. Rab1 Ng6 37. Be1 Nf4 38. g3 Ng6 39. Rb7 f4 40. Qd3 e4 41. Qb3 fxg3 42. fxg3 Ne5 43. Be2 Rf8 44. Kg2 Qe7 0-1

[Event "Late-Titled-Tuesday-Blitz-February-06-2024"]
[Site "Chess.com"]
[Date "2024.02.06"]
[Round "6"]
[White "Vladimir_Zakhartsov"]
[Black "Marcan2b"]
[Result "1/2-1/2"]
[WhiteElo "2827"]
[BlackElo "2993"]
[TimeControl "180+1"]
[EndTime "15:07:04 PST"]
[Termination "Game drawn - insufficient material"]

1. Nf3 Nf6 2. c4 g6 3. g3 Bg7 4. Bg2 O-O 5. Nc3 d6 6. d4 Nbd7 7. O-O e5 8. e4 Re8 9. Re1 exd4 10. Nxd4 Nc5 11. Nb3 Nfd7 12. h3 Ne5 13. Nxc5 dxc5 14. Qe2 Nc6 15. Be3 Nd4 16. Qd1 Be6 17. b3 Qd7 18. Kh2 Rad8 19. Rc1 c6 20. Bg5 Rc8 21. Qd3 h6 22. Bd2 Rcd8 23. Rcd1 Nxb3 24. Qxd7 Rxd7 25. axb3 Rxd2 26. Rxd2 Bxc3 27. Red1 Bxd2 28. Rxd2 b5 29. Ra2 bxc4 30. bxc4 Bxc4 31. Rxa7 Rb8 32. Rc7 Rb6 33.
e5 Rb2 34. Kg1 Rb1+ 35. Kh2 Be6 36. Rxc6 c4 37. Rc5 Rd1 38. h4 Rd2 39. Kg1 g5 40.
hxg5 hxg5 41. f4 gxf4 42. gxf4 Rd4 43. Kf2 Rxf4+ 44. Ke3 Rh4 45. Bd5 Bxd5 46. Rxd5 Kg7 47. Rd6 Rh6 48. Rd4 Rc6 49. Kd2 Kg6 50. Rf4 c3+ 51.
Kc2 Rc5 52. Rf6+ Kg7 53. Rf5 Kf8 54. Rf3 Ke7 55. Rxc3 Rxe5 56. Kd2 Kf6 57. Rf3+ Kg6 58. Kd3 f5 59. Re3 Ra5 60. Ke2 Kg5 61. Kf3 Ra1 62. Re8 Rf1+ 63. Kg2 Rb1 64. Kf3 Rb3+ 65. Kf2 Kg4 66. Re2 Rh3 67. Kg2 f4 68. Rf2 f3+ 69. Kg1 Rh8 70. Ra2 Rb8 71. Kf2 Rb4 72. Rc2 Kf4 73.
Ra2 Re4 74. Rb2 Kg4 75. Rc2 Rf4 76. Rb2 Kh3 77. Rb3 Kg4 78. Rb2 Ra4 79. Rc2 Ra3 80. Rc4+ Kf5 81. Rb4 Ke5 82. Kg3 Kd5 83. Rf4 f2+ 84.
Kxf2 Rd3 85. Rf3 Rd4 86. Ke3 Re4+ 87. Kd3 Re5 88. Re3 Rxe3+ 89. Kxe3 1/2-1/2

[Event "Late-Titled-Tuesday-Blitz-February-06-2024"]
[Site "Chess.com"]
[Date "2024.02.06"]
[Round "6"]
[White "Angry_Twin"]
[Black "rezamahdavi2008"]
[Result "0-1"]
[WhiteElo "3079"]
[BlackElo "2848"]
[TimeControl "180+1"]
[EndTime "15:07:05 PST"]
[Termination "rezamahdavi2008 won by checkmate"]

1. e4 e6 2. d4 d5 3. Nd2 c5 4. exd5 exd5 5. Ngf3 Nc6 6. Bb5 Bd6 7. O-O Ne7 8. dxc5 Bxc5 9. Nb3 Bd6 10. c3 O-O 11.
Nbd4 Bg4 12. Be2 a6 13. h3 Bh5 14. Be3 Re8 15. Re1 Bc7 16. Nxc6 bxc6 17. Nd4 Bxe2 18. Rxe2 Qd6 19. Nf3 Nf5 20. Bd2 Re4 21. Be1 Rae8 22.
Rxe4 Rxe4 23. Qd3 h5 24. Rd1 Qe6 25. Kf1 Qc8 26. Bd2 Bb6 27. Re1 Nd6 28. Rxe4 Nxe4 29. Be3 Bxe3 30. Qxe3 Qb7 31. Qe2 a5 32. Kg1 a4 33. a3 g6 34. Ne5 c5 35. Nd3 d4 36.
cxd4 cxd4 37. f3 Nd6 38. Qe5 Nf5 39. Nb4 Qc8 40. Qf4 Qd7 41. Nd3 Qb5 42. Qe4 Qb3 43.
g4 hxg4 44. hxg4 Qd1+ 45. Kf2 Ne3 46. Qxd4 Qd2+ 47. Kg3 Nf1+ 48. Kh4 Qh6# 0-1

[Event "Late-Titled-Tuesday-Blitz-February-06-2024"]
[Site "Chess.com"]
[Date "2024.02.06"]
[Round "6"]
[White "GlavkonVVS"]
[Black "Bkmzzzzz"]
[Result "1-0"]
[WhiteElo "2623"]
[BlackElo "2410"]
[TimeControl "180+1"]
[EndTime "15:07:06 PST"]
[Termination "GlavkonVVS won on time"]

1. c4 e5 2. Nc3 d6 3. g3 f5 4. Bg2 Nf6 5. d3 c6 6. Nf3 g6 7.
O-O Bg7 8. Rb1 O-O 9. b4 a6 10. a4 Be6 11. b5 axb5 12. axb5 h6 13. bxc6 bxc6 14. c5 Nd5 15. Nxd5 Bxd5 16. cxd6 Qxd6 17. Bb2 Nd7 18. Qc2 Rfb8 19. e4 Bb3 20. Qe2 fxe4 21. dxe4 Qe6 22. Rfc1 Ra2 23. Qd3 Ba4 24. Bc3 Rxb1 25.
Qxb1 Qf7 26. Qb4 Bb5 27. h3 Kh7 28. Qd6 Nf8 29. Bxe5 Bxe5 30. Qxe5 Ne6 31. Rd1 Ng7 32. Re1 Qc4 33. h4 Qc2 34. Qd4 c5 35. Qe3 c4 36. Nd4 Qb2 37. Nxb5 Qxb5 38. Bf1 Qc6 39.
Rc1 Ra4 40. Qd4 Ne6 41. Qf6 Qxe4 42. h5 Ng7 43. hxg6+ Qxg6 44. Qxg6+ Kxg6 45. Bxc4 Kg5 46. Bd3 Ne6 47. Kg2 Ra2 48. Rc3 Rd2 49. Kf3 Ng7 50.
Ke3 Rb2 51. Rc5+ Kf6 52. f4 Ne6 53. Rf5+ 1-0

[Event "Late-Titled-Tuesday-Blitz-February-06-2024"]
[Site "Chess.com"]
[Date "2024.02.06"]
[Round "6"]
[White "jcmesafischer"]
[Black "Horokoskii"]
[Result "0-1"]
[WhiteElo "2342"]
[BlackElo "2162"]
[TimeControl "180+1"]
[EndTime "15:07:07 PST"]
[Termination "Horokoskii won on time"]

1. e4 e6 2. Qe2 e5 3. Nf3 Nc6 4. g3 Nf6 5. Bg2 h6 6. O-O Bc5 7. c3 O-O 8. Nxe5 Nxe5 9. d4 Bd6 10. f4 Nc6 11. e5 Re8 12. Qf3 Bf8 13. exf6 Qxf6 14.
Nd2 d6 15. Ne4 Qe7 16. f5 f6 17. g4 a5 18. Ng3 a4 19. Nh5 Bd7 20. Qd5+ Kh7 21. Nf4 Nd8 22. Ng6 Qe2 23. Bf3 Qc2 24. Rf2 Qd3 25. Nf4 Qb5 26. c4 Qxd5 27. cxd5 Nf7 28. h4 c6 29. Ne6 cxd5 30. Bxd5 Bxe6 31. fxe6 Nd8 32. Re2 Nc6 33. Be3 Ne7 34. Be4+ Kg8 35. d5 Rec8 36. h5 Rc4 37. Bf3 Rac8 38. Rd1 b5 39. Rd3 b4 40. b3 axb3 41. Rxb3 f5 42.
g5 f4 43. Bd2 hxg5 44. Rxb4 Rxb4 45. Bxb4 Nf5 46. Bg4 Ne3 47. Bf3 Rc4 48. Bd2 Nf5 49.
Bg4 Nd4 50. Re4 Be7 0-1

[Event "Late-Titled-Tuesday-Blitz-February-06-2024"]
[Site "Chess.com"]
[Date "2024.02.06"]
[Round "6"]
[White "jaskol95"]
[Black "Laico"]
[Result "1-0"]
[WhiteElo "2584"]
[BlackElo "2371"]
[TimeControl "180+1"]
[EndTime "15:07:08 PST"]
[Termination "jaskol95 won on time"]

1. e4 e6 2. Nf3 d5 3. e5 c5 4. b4 Nc6 5. bxc5 d4 6. Bb5 Bxc5 7. Ba3 Qb6 8. Bxc5 Qxc5 9. Bxc6+ bxc6 10. O-O d3 11. cxd3 Ne7 12. d4 Qa5 13. Nc3 O-O 14.
Qa4 Qc7 15. Ne4 Bd7 16. Nc5 Nd5 17. Rab1 Bc8 18. Rfc1 Nb6 19. Qc2 Rb8 20. Ng5 g6 21. Nge4 Nd5 22. Nd6 Rb6 23. Nce4 f5 24. Nc5 Nf4 25. Qd1 Ba6 26. Nxa6 Rxa6 27. Rc2 Rb6 28. Rbc1 Rfb8 29. Qf3 Nd5 30. g3 Rb1 31. Kg2 Rxc1 32. Rxc1 Rb2 33. Qd3 Rxa2 34. Rb1 Qa5 35. Rb8+ Kg7 36.
Rb7+ Kg8 37. Nc4 Qa6 38. Qb3 Ra1 39. Rd7 Qc8 40. Qb7 Qxb7 41. Rxb7 Rc1 42. Nd6 Rc2 43.
Rxa7 Rxd2 44. Ra4 Ne3+ 45. Kf3 Nc2 46. Ra8+ Kg7 47. Ra7+ Kh6 48. Nf7+ Kh5 49. h3 h6 50. g4+ 1-0

[Event "Late-Titled-Tuesday-Blitz-February-06-2024"]
[Site "Chess.com"]
[Date "2024.02.06"]
[Round "6"]
[White "Msb2"]
[Black "Ticondriul"]
[Result "1/2-1/2"]
[WhiteElo "2982"]
[BlackElo "2735"]
[TimeControl "180+1"]
[EndTime "15:07:09 PST"]
[Termination "Game drawn - insufficient material"]

1. d4 Nf6 2. c4 e6 3. Nc3 Bb4 4. e3 b6 5. Bd3 Bb7 6. Nf3 Ne4 7. O-O Bxc3 8. bxc3 O-O 9. Ne1 f5 10. f3 Nf6 11. a4 Nc6 12. e4 fxe4 13. fxe4 e5 14.
Nf3 d6 15. c5 exd4 16. cxd4 dxc5 17. d5 Nd4 18. Nxd4 cxd4 19. Bb2 c5 20. dxc6 Bxc6 21.
Rc1 Bxe4 22. Bc4+ Bd5 23. Qxd4 Bxc4 24. Qxc4+ Kh8 25. Rcd1 Qc8 26. Qxc8 Raxc8 27. Bxf6 Rxf6 28. Rxf6 gxf6 29. Rd7 a5 30. Rd6 Rc4 31. Rxf6 Rxa4 32. Rxb6 Kg7 33. Kf2 Ra3 34. Ra6 a4 35. h4 h5 36. g3 Kh7 37. Kg2 Kg7 38. Kh2 Ra2+ 39. Kh3 Ra3 40. Kg2 Ra2+ 41. Kf3 Ra3+ 42. Kf4 Kh7 43.
Ra7+ Kg6 44. Ra5 Kh6 45. Ra8 Kg6 46. Ra6+ Kg7 47. g4 hxg4 48. Kxg4 Ra1 49. Kg5 Rg1+ 50.
Kh5 Ra1 51. Ra7+ Kf6 52. Kh6 a3 53. h5 a2 54. Kh7 Rh1 55. Rxa2 Rxh5+ 56. Kg8 Rb5 57.
Ra6+ Ke7 58. Kg7 Rg5+ 59. Kh6 Rg1 60. Ra2 Kf6 61. Rf2+ Ke6 62. Kh5 Ke5 63. Kh4 Rg7 64. Kh3 Ke4 65. Rf8 Ke5 66. Kh4 Ke6 67. Re8+ Kf7 68.
Re1 Kf6 69. Kh5 Rg5+ 70. Kh6 Rg2 71. Rf1+ Ke6 72. Rf3 Ke5 73. Kh5 Ke4 74. Rf6 Rg8 75. Rg6 Rxg6 76. Kxg6 1/2-1/2

[Event "Late-Titled-Tuesday-Blitz-February-06-2024"]
[Site "Chess.com"]
[Date "2024.02.06"]
[Round "6"]
[White "ChEsper99"]
[Black "wanyaland"]
[Result "0-1"]
[WhiteElo "2241"]
[BlackElo "2486"]
[TimeControl "180+1"]
[EndTime "15:07:10 PST"]
[Termination "wanyaland won on time"]

1. e4 c5 2. c3 Nf6 3. e5 Nd5 4. d4 cxd4 5. cxd4 e6 6. Nf3 Qc7 7. Bd2 Be7 8. Nc3 Nxc3 9. Bxc3 O-O 10. Bd3 d6 11. O-O Nd7 12. Rc1 Qb8 13. Re1 b6 14. Be4 Bb7 15. d5 Nc5 16. exd6 Qxd6 17. Be5 Qd7 18.
Rxc5 Bxc5 19. Bxh7+ Kxh7 20. Ng5+ Kg6 21. Qg4 f5 22.
Qg3 Bxd5 23. Nxe6+ Kh7 24. Nxg7 f4 25. Qh4+ Kg8 26.
Nh5 Be7 27. Nf6+ Bxf6 28. Bxf6 Rxf6 29. Qxf6 Qg7 30. Qxg7+ Kxg7 31. Re5 Bxa2 32. h4 Rf8 33. Re7+ Rf7 34. Re4 Kg6 35. g4 fxg3 36. fxg3 Kf5 37. Rf4+ Ke5 38. Rb4 Bd5 39. Kh2 Rf2+ 40. Kh3 Be6+ 41.
g4 Rf4 42. Rb5+ Kd6 43. Rg5 Ke7 44. h5 a5 45. h6 Rf1 46. Rg7+ Kf6 0-1